Map: Scorie nucleari

Players

LaWeedaLoca

  • Race: Terran Terran
  • League: Master
  • Spawn Location: 12:00

Mørtebianca

  • Race: Zerg Zerg
  • League: Diamond
  • Spawn Location: 11:00

IlBirraioOo

  • Race: Protoss Protoss
  • League: Platinum
  • Spawn Location: 9:00

Jhyrachy

  • Race: Zerg Zerg
  • League: Silver
  • Spawn Location: 12:00

Ronan

  • Race: Zerg Zerg
  • League: Platinum
  • Spawn Location: 6:00

Nutty

  • Race: Protoss Protoss
  • League: Master
  • Spawn Location: 5:00

GaViRo

  • Race: Zerg Zerg
  • League: Master
  • Spawn Location: 6:00

ShowTime

  • Race: Zerg Zerg
  • League: Diamond
  • Spawn Location: 3:00

VOD

Have the link to the VOD?

Description

Time

  • Played on: Dec. 9, 2015, 5:33 p.m.
  • Length: 10:13
Show
View Real Time Build Order
Export as new Build Order

LaWeedaLoca Terran 

Build Orders: Reaper Expand, MMM Bio 

Get SALT Encoding   

  12  0:00  SCV  
  13  0:13  SCV  
  14  0:17  Supply Depot  
  14  0:25  SCV  
  15  0:39  SCV  
  15  0:41  Barracks  
  16  0:44  Refinery  
  16  0:51  SCV  
  17  1:03  SCV  
  18  1:17  Barracks  
  18  1:18  SCV  
  19  1:28  Reaper  
  19  1:30  Orbital Command  
  20  1:56  SCV  
  20  2:00  Command Center  
  20  2:01  Barracks Reactor  
  21  2:11  SCV, Barracks Tech Lab  
  22  2:16  Supply Depot  
  22  2:25  SCV  
  23  2:34  Stimpack  
  23  2:40  Marine x2  
  23  2:41  Marine  
  26  2:51  SCV  
  27  3:00  Marine  
  27  3:01  Marine x2  
  30  3:09  Command Center, Refinery  
  30  3:16  Orbital Command  
  30  3:18  Marine  
  31  3:25  Factory  
  31  3:31  SCV  
  31  3:32  Marine  
  33  3:42  Engineering Bay  
  33  3:43  SCV  
  33  3:48  SCV  
  35  3:50  Marine  
  35  3:54  Orbital Command  
  35  3:55  SCV  
  37  3:56  Marine x2  
  39  4:10  Starport  
  39  4:11  Factory Reactor, Missile Turret  
  39  4:14  Marauder  
  41  4:20  Orbital Command  
  41  4:29  Marine x2  
  43  4:31  SCV  
  43  4:33  SCV  
  43  4:34  Marine  
  45  4:47  Marine x2  
  45  4:52  Marine  
  47  4:54  Orbital Command  
  46  5:04  Marine  
  46  5:05  Marine  
  45  5:08  Medivac x2  
  45  5:09  Widow Mine  
  45  5:10  Marine, Combat Shields  
  51  5:22  Marine x2, SCV, Barracks  
  51  5:27  Orbital Command  
  54  5:29  Orbital Command, Marine  
  55  5:40  Marine x2  
  56  5:44  SCV  
  45  5:55  SCV x2  
  45  5:56  SCV  
  48  6:08  SCV  
  48  6:11  SCV x2  
  51  6:19  Barracks Reactor  
  51  6:20  SCV  
  51  6:23  SCV x2  
  52  6:32  SCV  
  52  6:33  Widow Mine, Marine x3  
  58  6:50  Marine  
  58  6:51  Marine  
  61  6:54  SCV  
  61  7:13  SCV  
  61  7:14  Marine  
  61  7:19  Marine  
  61  7:20  Marine  
  61  7:21  Marauder, Marine  
  61  7:22  Medivac  
  60  7:23  Medivac  
  49  7:32  Marine  
  49  7:35  Factory Reactor  
  49  7:36  Terran Infantry Weapons Level 1  
  42  7:37  Marine x2  
  42  7:38  Marine  
  42  7:42  Missile Turret, Marine, Barracks  
  42  7:43  SCV x2, Barracks  
  48  7:50  Marine  
  49  7:52  Concussive Shells  
  49  7:53  Medivac  
  49  7:54  Medivac  
  49  7:55  Marine x2  
  49  7:56  Marine  
  56  8:01  Marauder  
  56  8:02  Missile Turret  
  56  8:03  SCV x3  
  61  8:09  Missile Turret  
  61  8:14  Marine  
  61  8:26  Supply Depot  
  61  8:35  Widow Mine  
  60  8:56  Supply Depot  
  56  9:11  SCV  
  56  9:14  Marine x2  
  54  9:17  Marine x4, Medivac  
  54  9:18  Marauder  
  54  9:22  Supply Depot  
  62  9:26  Widow Mine  
  62  9:27  SCV x2  
  62  9:30  Missile Turret  
  61  9:32  Marine  
Show
View Real Time Build Order
Export as new Build Order

Mørtebianca Zerg 

Build Orders: 3 Hatch before Pool 

Get SALT Encoding   

  12  0:01  Drone  
  13  0:12  Drone  
  14  0:17  Overlord  
  15  0:35  Drone  
  15  0:36  Drone x2  
  17  0:53  Hatchery  
  17  0:56  Drone  
  17  1:00  Drone  
  18  1:11  Drone  
  19  1:25  Drone  
  20  1:30  Hatchery  
  19  1:33  Drone  
  19  1:38  Extractor  
  19  1:48  Spawning Pool  
  19  1:52  Drone  
  19  1:53  Drone  
  20  2:01  Overlord  
  20  2:05  Drone  
  21  2:12  Drone  
  22  2:16  Drone  
  23  2:23  Drone  
  23  2:27  Drone  
  25  2:33  Drone  
  25  2:35  Queen  
  25  2:36  Queen  
  30  2:38  Drone  
  30  2:43  Drone  
  32  2:45  Drone  
  33  2:54  Drone x2  
  33  2:55  Drone  
  33  2:57  Metabolic Boost  
  36  2:59  Drone  
  36  3:00  Queen  
  39  3:05  Zergling x2  
  39  3:08  Zergling x2  
  39  3:11  Zergling x2  
  42  3:22  Overlord x2  
  42  3:25  Spine Crawler  
  41  3:29  Overlord  
  41  3:33  Zergling x2  
  44  3:43  Zergling x10  
  49  3:54  Zergling x6  
  49  3:55  Zergling x8  
  50  4:03  Extractor  
  50  4:06  Roach Warren  
  50  4:08  Zergling x6  
  50  4:17  Zergling x4  
  49  4:50  Zergling x6  
  49  4:52  Overlord x2  
  52  4:54  Spore Crawler  
  52  4:57  Spore Crawler x3  
  52  4:59  Spore Crawler  
  47  5:04  Overlord x3  
  47  5:35  Overlord x4  
  43  5:42  Lair  
  43  5:43  Overlord  
  43  5:44  Overlord  
  43  5:46  Extractor  
  43  5:49  Spore Crawler  
  41  5:51  Extractor  
  41  5:54  Drone x3  
  41  5:55  Drone x4  
  47  6:23  Drone x3  
  47  6:24  Drone x3  
  53  6:29  Hatchery  
  52  6:34  Overlord x2  
  52  6:49  Roach x4  
  58  7:05  Roach x4  
  53  7:32  Hatchery  
  48  8:00  Hatchery  
  48  8:05  Drone x3  
  50  8:48  Hatchery  
  50  8:51  Lair  
  49  8:58  Drone  
  49  8:59  Drone x3, Evolution Chamber  
  49  9:01  Evolution Chamber  
  51  9:16  Roach  
  43  9:17  Roach x3  
  43  9:18  Roach x3  
  47  9:42  Overlord  
  47  9:58  Hydralisk Den  
Show
View Real Time Build Order
Export as new Build Order

IlBirraioOo Protoss 

Build Orders:  

Get SALT Encoding   

  12  0:01  Probe (Chrono Boost)  
  13  0:14  Pylon  
  13  0:18  Probe (Chrono Boost)  
  14  0:30  Probe (Chrono Boost)  
  15  0:36  Gateway  
  15  0:42  Assimilator  
  15  0:45  Probe (Chrono Boost)  
  16  0:55  Probe (Chrono Boost)  
  17  1:06  Probe (Chrono Boost)  
  18  1:17  Probe (Chrono Boost)  
  19  1:28  Cybernetics Core  
  19  1:32  Pylon  
  19  1:33  Probe (Chrono Boost)  
  20  1:45  Probe (Chrono Boost)  
  21  1:48  Zealot  
  23  1:58  Probe (Chrono Boost)  
  24  2:07  Nexus  
  24  2:14  Probe (Chrono Boost)  
  25  2:18  Warp Gate (Chrono Boost)  
  26  2:39  Pylon  
  26  2:42  Mothership Core  
  27  2:50  Gateway  
  27  2:51  Gateway  
  27  2:55  Gateway  
  27  3:03  Probe  
  28  3:07  Assimilator  
  28  3:15  Probe  
  29  3:33  Probe  
  30  3:40  Stalker x3  
  36  3:50  Pylon  
  36  3:51  Probe  
  36  3:52  Probe  
  38  4:00  Forge  
  38  4:01  Probe  
  38  4:04  Probe  
  40  4:22  Stalker x2  
  40  4:23  Stalker  
  44  4:42  Nexus  
  23  4:48  Stalker  
  19  5:21  Probe  
  20  5:36  Probe (Chrono Boost)  
  21  6:12  Stalker  
  21  6:16  Probe (Chrono Boost)  
  24  6:33  Probe (Chrono Boost)  
  26  7:08  Probe (Chrono Boost)  
  26  7:19  Probe (Chrono Boost)  
  23  7:29  Probe (Chrono Boost)  
  10  7:33  Stalker  
  12  7:40  Probe (Chrono Boost)  
  13  7:51  Probe (Chrono Boost)  
  14  7:52  Stalker  
  16  8:01  Probe (Chrono Boost)  
  17  8:11  Stalker  
  17  8:12  Probe (Chrono Boost)  
  20  8:22  Probe (Chrono Boost)  
  20  8:23  Stalker  
  23  8:33  Probe (Chrono Boost)  
  24  8:46  Stalker  
  26  8:54  Stalker  
  16  9:10  Stalker x2  
  16  9:30  Stalker  
  18  9:32  Stalker  
Show
View Real Time Build Order
Export as new Build Order

Jhyrachy Zerg 

Build Orders: Hatch First 

Get SALT Encoding   

  12  0:02  Drone  
  13  0:10  Drone  
  14  0:18  Overlord  
  14  0:37  Drone  
  14  0:38  Drone x2  
  17  1:04  Extractor  
  17  1:05  Drone  
  17  1:07  Hatchery  
  16  1:16  Spawning Pool  
  15  1:19  Drone  
  16  1:31  Drone  
  17  1:33  Drone  
  17  1:36  Drone  
  19  1:58  Overlord  
  19  2:02  Drone  
  20  2:09  Queen  
  22  2:15  Overlord  
  22  2:19  Drone  
  22  2:22  Metabolic Boost  
  23  2:33  Queen  
  23  2:35  Overlord  
  25  2:38  Drone  
  25  2:39  Drone  
  27  2:52  Zergling x6  
  30  3:08  Evolution Chamber  
  29  3:29  Baneling Nest  
  28  3:40  Zergling x2  
  28  3:41  Zergling x14  
  36  4:23  Baneling  
  36  4:24  Baneling x5  
  35  4:27  Zergling x10  
  35  4:28  Zergling x16  
  48  4:47  Overlord  
  48  4:48  Overlord x2  
  46  5:05  Baneling x3  
  24  6:19  Queen  
  24  6:20  Hatchery  
  20  6:43  Zergling x6  
  20  6:44  Zergling x14  
  30  6:47  Spine Crawler  
  29  7:04  Baneling  
  29  7:05  Baneling x10  
  29  7:08  Baneling  
  29  7:11  Baneling x3  
  28  8:11  Hatchery  
  27  8:15  Queen  
  29  8:20  Spore Crawler  
  29  8:22  Spore Crawler  
  29  8:26  Spore Crawler  
  26  8:27  Drone x4  
  26  8:28  Drone x3  
  34  8:34  Zergling x10  
  34  8:35  Zergling x12  
  44  8:47  Extractor  
  27  9:37  Baneling x7  
Show
View Real Time Build Order
Export as new Build Order

Ronan Zerg 

Build Orders: Hatch First, Muta Ling Bane 

Get SALT Encoding   

  12  0:01  Drone  
  13  0:09  Drone  
  14  0:21  Overlord  
  14  0:40  Drone  
  14  0:41  Drone x2  
  17  1:00  Drone  
  17  1:01  Hatchery  
  17  1:15  Spawning Pool  
  17  1:17  Extractor  
  17  1:18  Drone  
  16  1:23  Drone  
  17  1:32  Overlord  
  17  1:44  Drone  
  18  1:53  Drone  
  19  2:01  Queen  
  21  2:13  Queen  
  24  2:15  Drone x2  
  24  2:22  Drone  
  26  2:30  Drone x2  
  28  2:40  Metabolic Boost  
  28  2:42  Drone x2  
  30  2:49  Drone  
  31  3:01  Drone  
  31  3:02  Drone x2  
  31  3:03  Lair  
  34  3:09  Overlord  
  34  3:11  Extractor, Overlord  
  33  3:13  Overlord  
  33  3:29  Zergling x14  
  40  3:39  Drone  
  41  3:53  Zergling x8  
  45  4:00  Zergling x4  
  47  4:04  Hatchery  
  47  4:06  Zergling x8  
  50  4:21  Drone x5  
  55  4:25  Drone x2  
  55  4:27  Extractor  
  56  4:50  Drone  
  56  4:51  Drone x4  
  59  5:00  Extractor  
  59  5:06  Drone  
  59  5:07  Overlord  
  59  5:08  Overlord x3  
  59  5:22  Queen  
  61  5:28  Overlord  
  61  5:29  Drone  
  61  5:30  Drone x9  
  66  5:48  Baneling Nest  
  66  5:49  Extractor x2  
  63  5:52  Drone x2  
  63  5:53  Drone x4  
  63  5:55  Spire  
  68  6:12  Drone x4  
  68  6:13  Drone x4  
  76  6:32  Zergling x20  
  85  6:43  Zergling x10  
  87  7:00  Baneling x9  
  87  7:01  Baneling x4  
  84  7:03  Spine Crawler  
  84  7:04  Spine Crawler x2  
  84  7:05  Centrifical Hooks  
  81  7:09  Zergling x16  
  75  7:37  Drone  
  75  7:38  Drone x3  
  76  7:46  Mutalisk x8  
  76  7:50  Mutalisk  
  94  7:52  Zerg Flyer Weapons Level 1  
  94  7:57  Spire, Infestation Pit  
  92  8:02  Drone  
  92  8:03  Drone  
  94  8:11  Mutalisk  
  96  8:12  Overlord  
  96  8:13  Overlord x4  
  96  8:15  Baneling  
  96  8:16  Baneling  
  96  8:17  Baneling x6  
  96  8:31  Mutalisk  
  96  8:32  Mutalisk x8  
  113  8:41  Mutalisk  
  113  8:42  Mutalisk x3  
  121  9:06  Mutalisk  
  121  9:07  Mutalisk x3  
  118  9:23  Mutalisk x2  
  122  9:25  Overlord x5  
  119  9:38  Mutalisk x3  
  117  9:40  Zergling x18  
Show
View Real Time Build Order
Export as new Build Order

Nutty Protoss 

Build Orders: Double Forge, Phoenix Opening 

Get SALT Encoding   

  12  0:01  Probe (Chrono Boost)  
  13  0:12  Probe (Chrono Boost)  
  14  0:19  Pylon  
  14  0:23  Probe (Chrono Boost)  
  15  0:36  Assimilator  
  15  0:37  Probe (Chrono Boost)  
  15  0:40  Assimilator  
  16  0:49  Pylon  
  16  0:51  Probe (Chrono Boost)  
  17  1:06  Probe (Chrono Boost)  
  17  1:09  Gateway  
  18  1:16  Probe (Chrono Boost)  
  19  1:27  Probe (Chrono Boost)  
  20  1:37  Probe (Chrono Boost)  
  21  1:48  Probe (Chrono Boost)  
  22  1:58  Probe (Chrono Boost)  
  23  2:01  Cybernetics Core  
  22  2:41  Stargate  
  22  2:42  Stargate  
  22  2:45  Pylon  
  22  2:48  Forge  
  22  2:53  Pylon  
  22  2:59  Forge  
  22  3:25  Nexus  
  26  3:27  Phoenix (Chrono Boost)  
  26  3:29  Phoenix (Chrono Boost)  
  26  3:37  Photon Cannon  
  26  3:53  Phoenix (Chrono Boost)  
  28  4:01  Phoenix (Chrono Boost)  
  30  4:07  Pylon  
  30  4:10  Pylon  
  32  4:18  Phoenix (Chrono Boost)  
  32  4:27  Phoenix (Chrono Boost)  
  34  5:03  Phoenix (Chrono Boost)  
  36  5:25  Phoenix (Chrono Boost)  
  38  5:57  Probe  
  38  6:00  Photon Cannon  
  38  6:02  Pylon  
  39  6:05  Probe  
  39  6:06  Assimilator  
  39  6:07  Probe  
  39  6:10  Assimilator, Phoenix (Chrono Boost)  
  45  6:14  Phoenix (Chrono Boost), Pylon  
  45  6:16  Pylon  
  45  6:17  Probe  
  45  6:18  Probe  
  47  6:28  Probe  
  48  6:33  Phoenix (Chrono Boost)  
  48  6:35  Zealot  
  52  6:42  Photon Cannon  
  52  6:44  Photon Cannon  
  52  6:46  Pylon  
  52  6:53  Photon Cannon  
  54  6:54  Mothership Core (Chrono Boost)  
  54  7:02  Zealot  
  54  7:03  Photon Cannon  
  54  7:29  Zealot  
  56  7:46  Stargate  
  56  7:47  Phoenix  
  56  7:49  Photon Cannon  
  58  7:52  Photon Cannon  
  58  7:54  Pylon  
  58  7:57  Probe (Chrono Boost)  
  59  8:03  Photon Cannon  
  59  8:05  Photon Cannon  
  59  8:10  Probe (Chrono Boost)  
  60  8:24  Stargate  
  60  8:35  Fleet Beacon  
  60  8:36  Pylon  
Show
View Real Time Build Order
Export as new Build Order

GaViRo Zerg 

Build Orders: Hatch First, Zergling Baneling 

Get SALT Encoding   

  12  0:01  Drone  
  13  0:10  Drone  
  14  0:18  Overlord  
  14  0:27  Extractor  
  14  0:28  Drone, Extractor  
  14  0:29  Drone  
  16  0:51  Hatchery  
  16  0:54  Drone  
  16  0:57  Extractor  
  16  1:02  Drone x2  
  17  1:10  Overlord  
  17  1:25  Spawning Pool  
  16  1:27  Drone  
  16  1:32  Drone  
  18  1:37  Drone  
  19  1:55  Drone  
  20  2:05  Drone  
  20  2:06  Drone  
  22  2:11  Metabolic Boost  
  22  2:12  Queen  
  24  2:18  Drone  
  25  2:24  Queen  
  27  2:31  Zergling x6  
  27  2:33  Zergling x2  
  31  2:40  Baneling Nest  
  31  2:44  Zergling x4  
  31  2:46  Overlord  
  32  3:03  Zergling x2  
  32  3:04  Zergling x4  
  35  3:10  Zergling x2  
  36  3:14  Overlord  
  36  3:18  Zergling x2  
  37  3:25  Zergling x6  
  37  3:26  Zergling x2  
  41  3:33  Zergling x2  
  42  3:48  Baneling x4  
  40  3:49  Zergling x8  
  40  3:51  Hatchery  
  40  3:55  Zergling x2  
  43  3:59  Zergling x6  
  43  4:00  Zergling x2  
  48  4:10  Zergling x2  
  47  4:24  Zergling x6  
  47  4:29  Drone  
  50  4:42  Baneling x6  
  50  4:43  Baneling x5  
  50  4:45  Drone x3  
  50  5:09  Drone x8  
  50  5:28  Zergling x18  
  48  5:29  Zergling x4  
  52  5:38  Drone  
  51  5:49  Lair, Roach Warren  
  49  5:51  Drone x2, Extractor x2  
  49  5:54  Queen  
  51  6:08  Hatchery  
  49  6:16  Drone x2  
  51  6:20  Drone x3  
  51  6:21  Extractor, Overlord x6  
  53  6:42  Roach x2  
  53  6:43  Roach x3  
  63  6:52  Roach  
  63  6:53  Roach  
  63  6:54  Roach x6  
  79  6:58  Roach x2  
  83  7:05  Roach x3  
  80  7:26  Glial Reconstitution  
  79  7:36  Drone x2  
  80  7:37  Drone  
  80  7:38  Drone x6  
  80  7:39  Drone x4  
  91  7:49  Drone  
  91  7:50  Hydralisk Den  
  91  7:52  Evolution Chamber x2  
  89  8:04  Roach  
  89  8:05  Roach x7  
  105  8:11  Overlord x2  
  105  8:13  Overlord  
  105  8:39  Roach x8  
  105  8:40  Roach  
  123  8:51  Roach x6  
  119  9:11  Roach  
  119  9:12  Roach x7  
  135  9:17  Overlord  
  135  9:18  Overlord x2  
  135  9:31  Overlord x3  
  135  9:32  Overlord  
  135  9:35  Queen  
  137  9:47  Extractor  
  137  9:50  Drone x3  
  137  9:51  Drone x3  
Show
View Real Time Build Order
Export as new Build Order

ShowTime Zerg 

Build Orders: Hatch First, Muta Ling Bane 

Get SALT Encoding   

  12  0:01  Drone  
  13  0:09  Drone  
  14  0:17  Overlord  
  14  0:36  Drone x3  
  17  0:55  Hatchery  
  16  1:00  Drone  
  16  1:02  Drone  
  18  1:16  Spawning Pool  
  18  1:18  Extractor  
  16  1:19  Drone  
  17  1:25  Drone  
  17  1:31  Drone  
  19  1:43  Drone  
  20  1:51  Drone  
  21  2:02  Overlord  
  21  2:07  Queen  
  21  2:08  Drone, Queen  
  24  2:12  Overlord  
  26  2:25  Metabolic Boost  
  26  2:28  Zergling x4  
  28  2:33  Drone  
  29  2:39  Drone  
  30  2:48  Drone x2  
  31  3:03  Drone x2  
  33  3:10  Drone  
  34  3:14  Drone  
  34  3:19  Lair  
  35  3:25  Hatchery  
  34  3:36  Drone x3  
  37  3:45  Extractor  
  37  3:47  Extractor  
  35  3:58  Extractor, Drone x3  
  35  3:59  Drone x3  
  35  4:00  Drone  
  35  4:02  Drone, Overlord  
  42  4:20  Drone x2  
  42  4:22  Drone  
  42  4:23  Drone  
  46  4:27  Spire  
  46  4:28  Zergling x8  
  46  4:30  Overlord  
  49  4:33  Spore Crawler, Drone  
  49  4:37  Queen  
  51  4:45  Drone  
  52  4:48  Overlord  
  52  4:50  Drone x2  
  52  4:51  Drone  
  55  4:53  Drone  
  56  5:08  Overlord  
  56  5:10  Extractor  
  56  5:11  Drone x8  
  56  5:12  Drone  
  64  5:22  Drone  
  64  5:28  Drone x3  
  68  5:30  Extractor  
  67  5:38  Baneling Nest  
  67  5:40  Mutalisk  
  67  5:41  Mutalisk x5  
  78  5:50  Mutalisk x2  
  78  5:53  Zerg Flyer Weapons Level 1  
  82  5:59  Overlord  
  82  6:14  Overlord  
  82  6:15  Overseer  
  82  6:16  Pneumatized Carapace  
  82  6:18  Drone  
  82  6:19  Drone x5  
  82  6:21  Centrifical Hooks  
  80  6:37  Baneling x3  
  80  6:38  Baneling x4  
  80  6:39  Zergling x2  
  81  6:40  Zergling x14  
  87  6:51  Zergling x2  
  87  6:52  Zergling x10  
  87  6:53  Baneling x2  
  87  6:54  Baneling x2  
  74  7:21  Spawning Pool  
  62  7:34  Mutalisk  
  62  7:35  Mutalisk x3  
  70  7:39  Mutalisk x2  
  70  7:40  Mutalisk  
  70  7:41  Hatchery  
  75  7:48  Hatchery  
  74  7:56  Mutalisk x2  
  78  8:06  Drone  
  77  8:21  Zergling x2  
  77  8:22  Zergling x12  
  77  8:24  Overlord  
  77  8:25  Overlord  
  82  8:44  Zergling x12  
  82  8:46  Baneling x4  
  88  8:52  Overlord  
  88  9:00  Mutalisk x2  
  88  9:01  Mutalisk  
  94  9:17  Zergling x10  
  95  9:19  Queen  
  100  9:31  Mutalisk x6  
  99  9:35  Baneling  
  99  9:36  Baneling x2  
  99  9:37  Baneling  
  111  9:40  Extractor  
  110  9:48  Zergling x8  
  110  9:51  Overlord x3  
  114  9:59  Evolution Chamber x2  
Tags
 
Add a new tag
Caveats
  • Supply blocks, unpowered buildings, or Contaminate may cause inaccurate times.
  • Supply counts are checked every 10 seconds.